 Dungeon Crawl Stone Soup version 0.28-a0-804-g60983d4ba9 (webtiles) character file.

Game seed: 13802605484271974847

12889 vurker the Stormcaller (level 12, -11/70 HPs)
             Began as a Tengu Air Elementalist on Nov 7, 2021.
             Was a Follower of Vehumet.
             Killed by the air
             ... invoked by Gastronok
              (33 damage)
             ... on level 11 of the Dungeon.
             The game lasted 00:24:09 (20434 turns).

vurker the Stormcaller (Tengu Air Elementalist)    Turns: 20434, Time: 00:24:10

Health: -11/70     AC:  3    Str:  9    XL:     12   Next: 0%
Magic:  3/25       EV: 15    Int: 20    God:    Vehumet [*.....]
Gold:   2609       SH:  6    Dex: 18    Spells: 23/28 levels left

rFire   + + .      SeeInvis .   y - +2 dagger (elec)
rCold   + . .      Faith    .   p - +1 buckler
rNeg    . . .      Spirit   .   e - +0 robe {Will+}
rPois   .          Reflect  .   (helmet restricted)
rElec   +          Harm     .   c - +0 cloak of Apathy {rElec Dex+3}
rCorr   .          Rampage  .   f - +0 pair of gloves
Will    +....                   (boots unavailable)
Stlth   +++.......              (no amulet)
HPRegen 0.21/turn               i - ring of protection from fire
MPRegen 0.19/turn               l - ring of protection from cold

@: flying quickly and evasively, quick
A: beak, talons 3, nimble flight, horns 1, camouflage 1, deformed body, fire
resistance 1, wild magic 1
a: Renounce Religion


You were on level 11 of the Dungeon.
You worshipped Vehumet.
Vehumet was aware of your devotion.
You visited 2 branches of the dungeon, and saw 12 of its levels.

You collected 2609 gold pieces.

Inventory:

Hand Weapons
 y - a +2 dagger of electrocution (weapon)
   (You took it off an orc wizard on level 7 of the Dungeon)
Missiles
 a - 2 throwing nets
Armour
 c - the +0 cloak of Apathy (worn) {rElec Dex+3}
   (You acquired it on level 9 of the Dungeon)

   Dex:       It affects your dexterity (+3).
   rElec:     It insulates you from electricity.
 e - a +0 robe of willpower (worn)
   (You took it off a gnoll shaman on level 7 of the Dungeon)
 f - a +0 pair of gloves (worn)
   (You found it on level 1 of the Dungeon)
 p - a +1 buckler (worn)
   (You took it off a gnoll sergeant on level 5 of the Dungeon)
Jewellery
 i - a ring of protection from fire (left hand)
   (You found it on level 2 of the Dungeon)
 l - a ring of protection from cold (right hand)
   (You found it on level 2 of the Dungeon)
Wands
 d - a wand of iceblast (3)
   (You found it on level 9 of the Dungeon)
 v - a wand of charming (4)
   (You found it on level 7 of the Dungeon)
 x - a wand of acid (1)
   (You found it on level 6 of the Dungeon)
 A - a wand of polymorph (8)
   (You found it on level 7 of the Dungeon)
Scrolls
 b - 2 scrolls of identify
 g - 4 scrolls of teleportation
 h - 3 scrolls of magic mapping
 m - a scroll of vulnerability
 o - a scroll of fog
 q - a scroll of enchant armour
Potions
 j - 2 potions of attraction
 k - a potion of brilliance
 n - a potion of haste


   Skills:
 + Level 6.2 Fighting
 - Level 2.1 Dodging
 - Level 2.0 Stealth
 - Level 4.0 Shields
 * Level 8.5 Spellcasting
 - Level 8.0 Conjurations
 * Level 18.5 Air Magic


You had 23 spell levels left.
You knew the following spells:

 Your Spells              Type           Power      Damage    Failure   Level
a - Shock                 Conj/Air       100%       1d9       1%          1
c - Airstrike             Air            41%        N/A       1%          4

Your spell library contained the following spells:

 Spells                   Type           Power      Damage    Failure   Level
 Foxfire                  Conj/Fire      100%       2x1d9     3%          1
 Static Discharge         Conj/Air       69%        N/A       1%          2
 Swiftness                Air            82%        N/A       1%          3
 Silence                  Hex/Air        28%        N/A       8%          5
 Animate Skeleton         Necr           22%        N/A       13%         1
 Apportation              Tloc           22%        N/A       13%         1
 Freeze                   Ice            44%        1d6       13%         1
 Pain                     Necr           44%        1d6       13%         1
 Summon Small Mammal      Summ           44%        N/A       13%         1
 Hailstorm                Conj/Ice       31%        3d8       22%         4
 Frozen Ramparts          Ice            22%        1d4       32%         3
 Gell's Gravitas          Tloc           11%        N/A       32%         3
 Lesser Beckoning         Tloc           11%        N/A       32%         3
 Portal Projectile        Hex/Tloc       22%        N/A       32%         3
 Teleport Other           Tloc           11%        N/A       32%         3
 Animate Dead             Necr           5%         N/A       71%         4
 Passage of Golubria      Tloc           11%        N/A       71%         4
 Agony                    Necr           11%        N/A       95%         5
 Blade Hands              Tmut           5%         N/A       95%         5
 Excruciating Wounds      Necr           5%         N/A       95%         5
 Haunt                    Necr/Summ      5%         N/A       100%        7
 Infestation              Necr           5%         N/A       100%        8
 Lehudib's Crystal Spear  Conj/Erth      15%        10d5      100%        8


Dungeon Overview and Level Annotations

Branches:
Dungeon (11/15)            Temple (1/1) D:5            Lair (0/6) D:10
    Orc (0/2) D:10

Altars:
Ashenzari
Cheibriados
Dithmenos
Elyvilon
Fedhas
Gozag
Hepliaklqana
Kikubaaqudgha
Makhleb
Nemelex Xobeh
Okawaru
Qazlal
Ru
Sif Muna
Trog
Uskayaw
Vehumet
Wu Jian
Xom
Yredelemnul
Zin
The Shining One

Shops:
D:9 !

Annotations:
D:7 3 runed translucent doors, Megustar's ghost, novice DEFE; kae's ghost, novice VSSu
D:9 2 transporters
D:11 Gastronok


Innate Abilities, Weirdness & Mutations

You have a beak for a mouth.
You have claws for feet.
Your magical nature lets you fly swiftly and evasively.
You have a pair of small horns on your head.
Your skin changes colour to match your surroundings (Stealth+).
Armour fits poorly on your strangely shaped body.
Your flesh is heat resistant. (rF+)
Your spells are a little harder to cast, but a little more powerful.


Message History

Aim: a two-headed ogre, wielding two +0 giant clubs (heavily wounded, empty space bonus: 3/8)
The air twists around and strikes the two-headed ogre!
Aim: a two-headed ogre, wielding two +0 giant clubs (severely wounded, empty space bonus: 4/8)
The air twists around and strikes the two-headed ogre!
Aim: a two-headed ogre, wielding two +0 giant clubs (almost dead, empty space bonus: 3/8)
The air twists around and strikes the two-headed ogre!
You kill the two-headed ogre!
Vehumet accepts your kill.
You have reached level 12!
Your experience leads to an increase in your attributes!
Your base attributes are Str 9, Int 19, Dex 14.
Increase (S)trength, (I)ntelligence, or (D)exterity?
You feel clever.
You feel agile.
Things that are here:
a +0 giant club; a +0 giant club
Found a thin bronze amulet.
Found a flail.
Gastronok the Ponderous comes into view.
Found a scroll of teleportation.
Gastronok gurgles horribly!
Aim: Gastronok, wearing a +0 hat (empty space bonus: 8/8)
The air twists around and strikes Gastronok!!
Aim: Gastronok, wearing a +0 hat (lightly wounded, empty space bonus: 8/8)
The air twists around and strikes Gastronok!!
Aim: Gastronok, wearing a +0 hat (moderately wounded, empty space bonus: 8/8)
The air twists around and strikes Gastronok!
Aim: Gastronok, wearing a +0 hat (moderately wounded, empty space bonus: 8/8)
The air twists around and strikes Gastronok!
Aim: Gastronok, wearing a +0 hat (heavily wounded, empty space bonus: 7/8)
The air twists around and strikes Gastronok!!
A troll comes into view.
Aim: Gastronok, wearing a +0 hat (heavily wounded, empty space bonus: 7/8)
The air twists around and strikes Gastronok!!
Gastronok gurgles, "A snack!
A snack!"
Gastronok waves his eye-stalks in wide circles.
The air twists around and strikes you!!
Aim: Gastronok, wearing a +0 hat (severely wounded, 100% to hit)
The bolt of acid hits Gastronok!
Aim: Gastronok, wearing a +0 hat (severely wounded, 100% to hit)
The bolt of acid hits Gastronok!
Gastronok waves his eye-stalks in wide circles.
The air twists around and strikes you!!
* * * LOW HITPOINT WARNING * * *
Aim: Gastronok, wearing a +0 hat (almost dead)
The mass of ice explodes!
The iceblast engulfs Gastronok!
Aim: Gastronok, wearing a +0 hat (almost dead)
The mass of ice explodes!
The iceblast engulfs Gastronok!
Gastronok waves his eye-stalks in wide circles.
The air twists around and strikes you!!
You die...

.# .# .###......... .##
..#.......... . ..#
.............. ..##
............. ...#
#...)....... ...## #....
..... ....# ###.##......
....# ###...@"T.....
....## ###...#.........
.....####...####........
.....##)..### ###......
#.......### #.w...
#.....### #...? #...###
##.. #..## #. ..##


You could see Gastronok and a troll.

Vanquished Creatures
  3 two-headed ogres
  Pikel (D:5)
  2 slime creatures (D:8)
  Psyche (D:8)
  5 trolls
  Sigmund (D:3)
  A shadow (D:9)
  A vampire (D:10)
  A wyvern (D:9)
  16 yaks
  2 water moccasins
  7 orc warriors
  2 ice beasts (D:7)
  A sky beast (D:6)
  2 ogres (D:5)
  4 centaurs
  6 bullfrogs
  2 gnoll sergeants
  4 scorpions
  5 wights
  26 killer bees
  A howler monkey (D:9)
  4 centaur zombies
  A jelly (D:5)
  2 bullfrog skeletons
  3 gnoll shamans (D:7)
  8 orc priests
  2 centaur skeletons
  A hound (D:7)
  2 iguanas
  16 orc wizards
  2 killer bee zombies
  A hound zombie (D:5)
  A hound skeleton (D:4)
  2 howler monkey zombies
  3 adders
  25 gnolls
  2 shadow imps
  2 white imps
  An ufetubus (D:5)
  2 worms
  A dart slug (D:3)
  58 orcs
  6 bats
  8 endoplasms
  4 giant cockroaches
  3 hobgoblins
  13 jackals
  A quokka (D:4)
  4 ball pythons
  4 frilled lizards
  9 goblins
  5 kobolds
  4 rats
294 creatures vanquished.

Vanquished Creatures (collateral kills)
  A slime creature (D:8)
1 creature vanquished.

Vanquished Creatures (others)
  A slime creature (D:8)
  12 fungi (D:10)
  9 plants (D:10)
  6 withered plants (D:7)
28 creatures vanquished.

Grand Total: 323 creatures vanquished

Notes
Turn   | Place    | Note
-------+----------+-------------------------------------------
     0 | D:1      | vurker the Tengu Air Elementalist began the quest for the
                  | Orb.
     0 | D:1      | Reached XP level 1. HP: 10/10 MP: 4/4
   372 | D:1      | Reached XP level 2. HP: 15/15 MP: 4/6
   796 | D:1      | Found a faded altar of an unknown god.
  1022 | D:2      | Reached XP level 3. HP: 20/20 MP: 2/7
  1490 | D:2      | Reached skill level 1 in Fighting
  2322 | D:3      | Found an iron altar of Okawaru.
  2619 | D:3      | Reached skill level 5 in Air Magic
  2619 | D:3      | Reached XP level 4. HP: 25/25 MP: 4/9
  2635 | D:3      | Learned a level 4 spell: Airstrike
  2774 | D:3      | Found a sparkling altar of Nemelex Xobeh.
  2962 | D:3      | Noticed Sigmund
  2993 | D:3      | Gained mutation: Your body sometimes deteriorates upon
                  | taking damage. [potion of mutation]
  2993 | D:3      | Gained mutation: You have a pair of small horns on your
                  | head. [potion of mutation]
  2996 | D:3      | Reached skill level 15 in Air Magic
  2996 | D:3      | Gained mutation: Your magical nature lets you fly swiftly
                  | and evasively. [Tengu growth]
  2996 | D:3      | Reached XP level 5. HP: 24/29 MP: 4/10
  3001 | D:3      | Killed Sigmund
  3002 | D:3      | Reached XP level 6. HP: 19/35 MP: 1/11
  3218 | D:3      | Lost mutation: Your body sometimes deteriorates upon taking
                  | damage. [potion of mutation]
  3218 | D:3      | Gained mutation: Armour fits poorly on your strangely
                  | shaped body. [potion of mutation]
  3218 | D:3      | Gained mutation: You have hidden genetic potential. [potion
                  | of mutation]
  3957 | D:4      | Reached XP level 7. HP: 32/39 MP: 6/13
  4051 | D:3      | HP: 1/37 [wight (1)]
  4099 | D:3      | Gained mutation: You have great hidden genetic potential.
                  | [hidden potential]
  5667 | D:5      | Entered Level 5 of the Dungeon
  6034 | D:5      | Reached XP level 8. HP: 45/45 MP: 1/14
  6405 | D:5      | Found a hazy altar of Hepliaklqana.
  6405 | D:5      | Found a shadowy altar of Dithmenos.
  6407 | D:5      | Noticed a shadow
  6456 | D:5      | Found a staircase to the Ecumenical Temple.
  6456 | D:5      | Noticed Pikel
  6459 | D:5      | Killed Pikel
  6460 | D:5      | Reached skill level 5 in Conjurations
  6482 | D:5      | Gained mutation: Your spells are a little harder to cast,
                  | but a little more powerful. [hidden potential]
  6482 | D:5      | Lost mutation: You have great hidden genetic potential.
                  | [hidden potential expressed]
  6546 | Temple   | Entered the Ecumenical Temple
  6731 | D:5      | Reached skill level 16 in Air Magic
  7289 | D:5      | Reached XP level 9. HP: 43/50 MP: 10/17
  8677 | D:6      | Gained mutation: Your flesh is heat resistant. (rF+)
                  | [hidden potential]
  8895 | D:6      | Found a shimmering altar of Xom.
  9115 | D:7      | Reached skill level 5 in Spellcasting
  9339 | D:7      | Found a runed translucent gate.
  9340 | D:7      | Found a runed translucent gate.
  9342 | D:7      | Found a runed translucent gate.
  9344 | D:7      | Noticed kae's ghost (novice VSSu)
  9344 | D:7      | Noticed Megustar's ghost (novice DEFE)
  9628 | D:7      | Reached skill level 1 in Shields
 10036 | D:7      | Noticed a boulder beetle
 10037 | D:7      | Noticed a two-headed ogre
 10090 | D:7      | Killed a two-headed ogre
 10459 | D:7      | Reached XP level 10. HP: 56/56 MP: 10/19
 11481 | D:7      | Noticed a two-headed ogre
 11493 | D:7      | Killed a two-headed ogre
 11504 | D:7      | Gained mutation: Your skin changes colour to match your
                  | surroundings (Stealth+). [hidden potential]
 11504 | D:7      | Lost mutation: You have hidden genetic potential. [hidden
                  | potential expressed]
 11676 | D:8      | Noticed Psyche
 11777 | D:8      | Killed Psyche
 11808 | D:8      | Found an opulent altar of Gozag.
 12565 | D:8      | Found a stormy altar of Qazlal.
 12937 | D:8      | Reached skill level 17 in Air Magic
 13659 | D:8      | Found a burning altar of Makhleb.
 13661 | D:8      | Noticed a balrug
 14164 | D:8      | Found a burning altar of Makhleb.
 14217 | D:8      | Found a stormy altar of Qazlal.
 14334 | D:8      | Found an opulent altar of Gozag.
 14514 | D:9      | Found an ornate altar of the Wu Jian Council.
 14530 | D:9      | Found Zorgh's Distillery.
 14860 | D:9      | Reached XP level 11. HP: 62/62 MP: 0/22
 15149 | D:9      | Noticed a death knight
 15151 | D:9      | Found a blossoming altar of Fedhas.
 15153 | D:9      | Found a bloodstained altar of Trog.
 15162 | D:9      | Found a transporter.
 15352 | D:9      | Found a transporter.
 15372 | D:9      | Identified 3 scrolls of acquirement
 15374 | D:9      | Acquired 779 gold pieces
 15376 | D:9      | Acquired 1210 gold pieces
 15377 | D:9      | Acquired the +0 cloak of Apathy {rElec Dex+3}
 15430 | D:9      | Reached skill level 5 in Fighting
 16633 | D:10     | Entered Level 10 of the Dungeon
 16855 | D:10     | Found a radiant altar of Vehumet.
 16864 | D:10     | Became a worshipper of Vehumet
 17670 | D:9      | Reached skill level 18 in Air Magic
 18916 | D:10     | Found a staircase to the Orcish Mines.
 19077 | D:10     | Found a staircase to the Lair.
 19305 | D:10     | Found a radiant altar of Vehumet.
 19358 | D:10     | Found a staircase to the Lair.
 19543 | D:10     | Found a staircase to the Orcish Mines.
 20076 | D:11     | Reached * piety under Vehumet
 20076 | D:11     | Offered knowledge of Foxfire by Vehumet.
 20297 | D:11     | Noticed a two-headed ogre
 20302 | D:11     | Killed a two-headed ogre
 20303 | D:11     | Reached XP level 12. HP: 70/70 MP: 5/25
 20424 | D:11     | Noticed Gastronok
 20434 | D:11     | Killed from afar by Gastronok

Illustrated notes

Levels and vault maps discovered:
D:1:      psy_arrival_conway, layout_rooms, hellmonk_ecumenical_altar_dog_temple
D:2:      layout_loops_corners
D:3:      layout_basic, nemelex_dance_club_becter, okawaru_metal_pillars_1_2,
          uniq_sigmund
D:4:      layout_basic
D:5:      layout_loops_ring, riverfiend_overflow_shadow_ancestor,
          minmay_temple_entry_statues_pillars, uniq_pikel
D:6:      layout_basic, amcnicky_altar_gilded, minmay_misc_feat_tiny,
          minmay_misc_feat_more_columns, uniq_duvessa
D:7:      minmay_chambers_of_sixes, layout_gridville, gammafunk_ghost_cemetery,
          hangedman_decor_diamond_cutter, minmay_circle_x
D:8:      layout_rooms, makhleb_altar_promises_db,
          nicolae_qazlal_general_emergency, mainiacjoe_overflow_alcove_1,
          uniq_psyche
D:9:      layout_loops_corners, nicolae_wu_jian_wuxing_cycle,
          gammafunk_temple_overflow_arena, serial_shops, nicolae_shop_trees,
          serial_bayou_crossing
D:10:     layout_irregular_city, vehumet_crystals,
          grunt_lair_entry_orc_guard_hut, orc_0_dummy, corexii_corridor_pit
D:11:     layout_cave_pods, serial_glass, glass_columns_b, glass_columns_b,
          hellmonk_guarded_unrand_salamander, uniq_gastronok
Temple:   compressed_dpeg_circular_temple

Skill      XL: |  1  2  3  4  5  6  7  8  9 10 11 |
---------------+----------------------------------+-----
Conjurations   | 2 3 5 6 8 |  8.0
Fighting       | 1 2 3 4 6 |  6.2
Air Magic      | 5 15 16 17 18 | 18.5
Spellcasting   | 3 4 5 6 8 |  8.5
Shields        | 1 3 4 |  4.0
Dodging        | |  2.1
Stealth        | |  2.0

Action                   |  1- 3 |  4- 6 |  7- 9 | 10-12 || total
-------------------------+-------+-------+-------+-------++-------
Melee: Unarmed           |    13 |     5 |     6 |       ||    24
       Kick              |     3 |     1 |     3 |     1 ||     8
       Peck              |     3 |       |     1 |       ||     4
       Headbutt          |       |     2 |     1 |       ||     3
       Dagger            |       |       |       |     1 ||     1
 Cast: Shock             |    87 |    33 |    43 |    97 ||   260
       Airstrike         |       |    11 |   114 |   201 ||   326
Evoke: Wand              |       |       |       |    13 ||    13
  Use: Scroll            |     1 |       |       |    23 ||    24
       Potion            |       |     5 |       |     1 ||     6
Armor: Robe              |     8 |       |     4 |    16 ||    28
       Skin              |       |     1 |       |       ||     1
Dodge: Dodged            |    29 |     8 |    35 |   118 ||   190
Block: Buckler           |       |       |     4 |    47 ||    51

Table legend: (Time is in decaauts)
 A = Elapsed time spent in this place.
 B = Non-inter-level travel time spent in this place.
 C = Inter-level travel time spent in this place.
 D = Time resting spent in this place.
 E = Time spent auto-exploring this place.
 F = Levels seen in this place.
 G = Mean time per level.
                   A        B        C        D        E       F      G
               +--------+--------+--------+--------+--------+-----+--------+
         Total |  19752 |  19188 |    564 |   2061 |  15141 |  12 | 1646.0 |
       Dungeon |  19657 |  19114 |    543 |   2061 |  15075 |  11 | 1787.0 |
        Temple |     95 |     74 |     21 |      0 |     66 |   1 |   95.0 |
               +--------+--------+--------+--------+--------+-----+--------+

Top non-repeatable levels by time:
     D:7: 3741 daAuts
    D:10: 3047 daAuts
     D:3: 2150 daAuts
     D:9: 2081 daAuts
     D:5: 1805 daAuts
     D:8: 1563 daAuts
     D:4: 1562 daAuts
     D:2: 1265 daAuts
     D:6: 1183 daAuts
     D:1: 992 daAuts
    D:11: 262 daAuts
  Temple: 95 daAuts
